 Dungeon Crawl Stone Soup version 0.23-b1-67-g8bd44de (webtiles) character file.

Game seed: 7107401605102590688

34 doot the Insei (level 3, -3/26 HPs)
             Began as a Merfolk Transmuter on Feb 6, 2019.
             Killed from afar by a dart slug (4 damage)
             ... with a slug dart
             ... on level 3 of the Dungeon.
             The game lasted 00:03:10 (868 turns).

doot the Insei (Merfolk Transmuter)                  Turns: 868, Time: 00:03:12

Health: -3/26      AC:  2    Str:  7 (10) XL:     3   Next: 31%
Magic:  0/6        EV: 21    Int: 10 (13) God:
Gold:   64         SH:  0    Dex: 18 (19) Spells: 0/6 levels left

rFire    . . .     SeeInvis .     - Unarmed
rCold    . . .     Gourm    .   (shield currently unavailable)
rNeg     . . .     Faith    .   (armour currently unavailable)
rPois    x         Spirit   .   (helmet currently unavailable)
rElec    .         Reflect  .   (cloak currently unavailable)
rCorr    .         Harm     .   (gloves currently unavailable)
MR       .....                  (boots currently unavailable)
Stlth    ++........             f - amulet of the acrobat
HPRegen  0.08/turn              (no ring)
MPRegen  0.10/turn              (no ring)

@: spider-form (expiring), very slightly contaminated
A: tiny, (change form in water), (swift swim), (stealthy swim)
a: End Transformation


You were on level 3 of the Dungeon.
You were hungry.
You were a venomous arachnid creature.
You visited 1 branch of the dungeon, and saw 3 of its levels.

You collected 64 gold pieces.

Inventory:

Missiles
 a - 42 arrows
 c - a throwing net (quivered)
Armour
 b - a +0 robe (melded)
Jewellery
 f - an amulet of the acrobat (around neck)
 n - a cursed ring of attention {unknown}
Scrolls
 e - a scroll of remove curse {unknown}
 g - a scroll of amnesia {unknown}
 j - a scroll of random uselessness {unknown}
 l - a scroll of identify {unknown}
 o - a scroll of enchant armour {unknown}
 p - a scroll of magic mapping {unknown}
Potions
 m - a potion of flight
Comestibles
 d - 4 rations
 h - 2 chunks of flesh


   Skills:
 + Level 1.1 Fighting
 + Level 3.3 Dodging
 + Level 0.3 Stealth
 + Level 3.8 Unarmed Combat
 + Level 2.4 Spellcasting
 + Level 3.1 Transmutations


You couldn't memorise any spells.
You knew the following spells:

 Your Spells              Type           Power        Failure   Level  Hunger
a - Beastly Appendage     Tmut           #.....       22%         1    ##.....
b - Sticks to Snakes      Tmut           #.......     30%         2    ###....
c - Spider Form           Tmut/Pois      #.........   65%         3    ####...

Your spell library contained the following spells:

 Spells                   Type           Power        Failure   Level  Hunger
 Ice Form                 Ice/Tmut       #.......     95%         4    #####..
 Blade Hands              Tmut           #.........   98%         5    ######.


Dungeon Overview and Level Annotations

Branches:
Dungeon (3/15)

Altars:


Message History

You barely miss the gnoll.
The gnoll is almost dead.
Your transformation is almost over.
The dart slug barely misses you. The gnoll hits you with a +0 halberd!
Ouch! That really hurt!
You hit the gnoll.
You kill the gnoll!
You feel your dexterity returning.
Your Transmutations skill increases to level 3!
The dart slug bites you.
* * * LOW HITPOINT WARNING * * *
You hit the gnoll.
The gnoll is poisoned.
The gnoll is lightly wounded.
You hit the gnoll but do no damage.
The gnoll looks as sick as possible!
The gnoll is lightly wounded.
The gnoll hits you with a +0 whip.
* * * LOW HITPOINT WARNING * * *
The dart slug launches a dart at you. The slug dart hits you.
You die...

#.# ..# #.# .(#
#.# ... #.# .## ..
#g# ###.# #g#
..#.# #.# #.#.# #
#.########.#.##...
#.....gsw.......#
##########..###..
#..# #..#######
#..<.....#
###.#####.#
#.....# #.###.# #.
...


You could see a gnoll and a dart slug.

Vanquished Creatures
  A gnoll (D:3)
  A leopard gecko (D:2)
  3 goblins (D:2)
  2 hobgoblins
  4 jackals (D:2)
  4 bats
  2 frilled lizards
  3 kobolds
  3 rats
23 creatures vanquished.

Notes
Turn   | Place    | Note
-------+----------+-------------------------------------------
     0 | D:1      | doot the Merfolk Transmuter began the quest for the Orb.
     0 | D:1      | Reached XP level 1. HP: 15/15 MP: 3/3
   446 | D:2      | Reached XP level 2. HP: 11/21 MP: 3/5
   487 | D:2      | Learned a level 2 spell: Sticks to Snakes
   781 | D:2      | Reached XP level 3. HP: 25/26 MP: 4/6
   816 | D:3      | Learned a level 3 spell: Spider Form
   868 | D:3      | HP: 1/26 [gnoll/+0 whip (6)]
   868 | D:3      | Killed from afar by a dart slug

Skill      XL: |  1  2  3 |
---------------+----------+-----
Dodging        | 3 |  3.3
Transmutations | 3 |  3.1
Fighting       | |  1.1
Stealth        | |  0.3
Unarmed Combat | |  3.8
Spellcasting   | |  2.4

Action                   || total
-------------------------++-------
Melee: Unarmed           ||    88
       Headbutt          ||     4
       Punch             ||     2
 Cast: Beastly Appendage ||    14
       Spider Form       ||     1
  Use: Potion            ||     5
Armor: Robe              ||    25
       Skin              ||     9
Dodge: Dodged            ||    76
